Map: Pillars of Gold LE

Players

MCanning

  • Race: Protoss Protoss
  • Spawn Location: 1:00

Nina - Winner!

  • Race: Protoss Protoss
  • League: Grandmaster
  • Spawn Location: 7:00

Event: DreamHack SC2 Masters 2020 Fall

VOD

Have the link to the VOD?

Description

Time

  • Played on: Sept. 11, 2020, 5:39 p.m.
  • Length: 17:42

All games in this series

Show
View Real Time Build Order
Export as new Build Order

MCanning Protoss 

Build Orders:  

Get SALT Encoding   

  12  0:00  Probe  
  13  0:12  Probe  
  14  0:18  Pylon  
  14  0:24  Probe  
  15  0:36  Probe (Chrono Boost)  
  15  0:39  Gateway  
  16  0:47  Assimilator  
  16  0:48  Probe (Chrono Boost)  
  17  0:52  Probe (Chrono Boost)  
  17  0:56  Assimilator  
  18  1:03  Probe (Chrono Boost)  
  20  1:12  Probe (Chrono Boost)  
  20  1:17  Probe (Chrono Boost)  
  20  1:18  Gateway  
  20  1:22  Unknown  
  20  1:23  Unknown x2  
  21  1:28  Cybernetics Core  
  21  1:32  Probe  
  22  1:41  Pylon  
  22  1:44  Probe  
  22  1:46  Unknown  
  23  1:55  Unknown  
  23  1:59  Probe  
  24  2:07  Sentry, Warp Gate  
  28  2:26  Nexus  
  28  2:29  Pylon  
  26  2:31  Sentry  
  28  2:40  Stalker  
  28  2:43  Probe (Chrono Boost)  
  31  2:55  Probe (Chrono Boost)  
  32  3:03  Probe (Chrono Boost)  
  33  3:09  Probe (Chrono Boost)  
  33  3:10  Twilight Council  
  35  3:20  Pylon  
  35  3:21  Probe (Chrono Boost)  
  35  3:27  Forge, Probe (Chrono Boost)  
  36  3:39  Probe (Chrono Boost)  
  36  3:40  Probe (Chrono Boost)  
  39  3:50  Probe (Chrono Boost)  
  39  3:51  Probe (Chrono Boost)  
  40  3:55  Probe  
  40  3:57  Adept x2  
  45  4:03  Probe  
  45  4:04  Blink (Chrono Boost), Protoss Ground Weapons Level 1  
  45  4:08  Probe  
  47  4:15  Probe  
  48  4:20  Probe  
  48  4:21  Pylon  
  49  4:24  Robotics Facility  
  49  4:28  Probe  
  50  4:32  Probe  
  50  4:36  Stalker  
  53  4:40  Probe  
  53  4:44  Assimilator, Probe  
  55  4:45  Pylon  
  55  4:49  Assimilator  
  55  4:52  Probe  
  56  4:53  Stalker  
  58  5:02  Gateway  
  58  5:03  Probe  
  59  5:10  Stalker  
  60  5:14  Observer  
  60  5:23  Robotics Bay  
  60  5:25  Nexus  
  60  5:27  Stalker  
  62  5:34  Probe  
  63  5:35  Stalker  
  63  5:38  Observer  
  63  5:40  Probe  
  67  5:43  Charge (Chrono Boost)  
  67  5:49  Probe  
  68  5:52  Stalker  
  68  5:55  Pylon  
  70  5:57  Gateway  
  70  5:59  Protoss Ground Weapons Level 2 (Chrono Boost)  
  70  6:13  Probe x2  
  70  6:14  Disruptor (Chrono Boost), Pylon  
  70  6:15  Pylon  
  75  6:19  Disruptor x2 (Chrono Boost)  
  75  6:23  Stalker  
  78  6:25  Probe  
  78  6:27  Pylon  
  78  6:29  Gateway  
  79  6:32  Probe  
  79  6:37  Probe  
  79  6:38  Stalker x2  
  84  6:45  Probe  
  85  6:47  Stalker  
  85  6:48  Observer (Chrono Boost)  
  85  6:49  Probe  
  85  6:53  Stalker  
  89  7:01  Disruptor  
  89  7:03  Stalker x2  
  89  7:06  Probe  
  93  7:10  Shield Battery  
  93  7:12  Probe  
  93  7:14  Probe  
  93  7:15  Observer  
  95  7:18  Probe  
  95  7:19  Photon Cannon  
  96  7:24  Probe  
  96  7:27  Dark Shrine  
  96  7:28  Probe  
  98  7:30  Stalker x2  
  98  7:33  Zealot  
  98  7:35  Disruptor (Chrono Boost)  
  107  7:49  Stalker x2  
  103  7:56  Probe  
  104  8:00  Stalker x2  
  104  8:01  Stalker  
  110  8:09  Assimilator, Probe  
  111  8:15  Assimilator, Gateway  
  111  8:17  Gateway  
  111  8:18  Probe  
  111  8:19  Gateway  
  112  8:20  Photon Cannon  
  112  8:21  Pylon  
  112  8:24  Photon Cannon  
  112  8:29  Shield Battery  
  112  8:32  Disruptor (Chrono Boost), Shield Battery  
  115  8:34  Pylon  
  115  8:36  Probe  
  116  8:46  Stalker x3  
  120  8:56  Probe  
  120  8:58  Stalker x2  
  120  8:59  Pylon  
  125  9:03  Protoss Ground Weapons Level 3 (Chrono Boost), Pylon  
  125  9:05  Disruptor (Chrono Boost)  
  125  9:06  Robotics Facility  
  128  9:10  Pylon  
  128  9:15  Dark Templar  
  130  9:25  Nexus  
  130  9:26  Observer  
  130  9:34  Disruptor (Chrono Boost)  
  130  9:36  Pylon  
  130  9:37  Dark Templar  
  135  9:40  Zealot x2  
  135  9:41  Zealot  
  141  9:48  Zealot x2  
  141  9:50  Disruptor (Chrono Boost)  
  145  9:55  Observer, Photon Cannon  
  147  10:01  Stalker x2  
  147  10:02  Stalker  
  147  10:03  Disruptor (Chrono Boost)  
  150  10:09  Shadow Stride (Chrono Boost)  
  150  10:17  Disruptor (Chrono Boost)  
  150  10:21  Nexus  
  153  10:22  Pylon  
  151  10:30  Stalker x3  
  151  10:35  Pylon  
  157  10:38  Warp Prism (Chrono Boost), Photon Cannon  
  159  10:45  Photon Cannon  
  159  10:46  Dark Templar, Observer  
  159  10:49  Shield Battery  
  162  10:56  Stalker x2  
  162  10:57  Stalker  
  166  11:07  Disruptor  
  166  11:10  Photon Cannon  
  169  11:12  Pylon  
  169  11:15  Photon Cannon  
  169  11:22  Zealot  
  171  11:26  Gateway  
  169  11:33  Dark Templar  
  169  11:34  Dark Templar x2  
  175  11:40  Dark Templar  
  175  11:45  Zealot x3  
  183  11:52  Probe  
  183  11:53  Assimilator  
  184  11:55  Protoss Shields Level 1  
  184  11:58  Assimilator  
  184  11:59  Disruptor  
  187  12:02  Probe  
  188  12:13  Stalker x4  
  192  12:32  Zealot x2  
  192  12:36  Disruptor (Chrono Boost)  
  170  12:53  Zealot x2, Dark Templar x3  
  170  12:54  Zealot x3  
  165  13:05  Dark Templar  
  165  13:07  Probe  
  165  13:11  Probe  
  163  13:30  Zealot  
  165  13:44  Disruptor, Probe x2  
  152  13:50  Zealot x2  
  116  14:08  Zealot, Stalker x4  
  116  14:09  Zealot x2, Observer  
  105  14:13  Probe  
  103  14:20  Disruptor  
  103  14:23  Dark Templar  
  103  14:31  Dark Templar  
  103  14:32  Zealot x2  
  103  14:33  Probe x2  
  101  14:56  Disruptor (Chrono Boost)  
  101  14:57  Zealot x3  
  101  14:59  Probe  
  101  15:05  Probe  
  101  15:06  Probe  
  101  15:11  Probe  
  102  15:17  Probe  
  102  15:18  Photon Cannon  
  103  15:25  Assimilator, Dark Templar  
  108  15:29  Observer (Chrono Boost)  
  106  15:35  Stalker  
  106  15:36  Stalker  
  106  15:40  Observer  
  106  15:41  Disruptor (Chrono Boost)  
  113  15:52  Observer  
  113  15:58  Robotics Facility, Stalker x2  
  113  16:03  Dark Templar  
  119  16:06  Disruptor (Chrono Boost)  
  122  16:15  Zealot x2  
  126  16:28  Zealot x2  
  126  16:29  Zealot x2  
  133  16:38  Disruptor (Chrono Boost)  
  98  16:41  Stalker x2  
  105  16:59  Stalker x3  
  101  17:03  Probe  
  95  17:20  Zealot x2  
  95  17:21  Zealot  
Show
View Real Time Build Order
Export as new Build Order

Nina Protoss - Winner!

Build Orders: Phoenix Opening 

Get SALT Encoding   

  12  0:00  Probe  
  13  0:12  Probe  
  14  0:18  Pylon  
  14  0:24  Probe (Chrono Boost)  
  15  0:36  Probe (Chrono Boost)  
  15  0:38  Gateway  
  16  0:45  Probe (Chrono Boost)  
  17  0:51  Probe  
  17  0:54  Assimilator  
  18  0:58  Assimilator  
  18  1:03  Probe (Chrono Boost)  
  19  1:10  Gateway  
  19  1:16  Probe (Chrono Boost)  
  20  1:20  Probe (Chrono Boost)  
  21  1:27  Cybernetics Core  
  21  1:28  Unknown x2  
  21  1:29  Unknown  
  21  1:32  Probe  
  22  1:39  Pylon  
  22  1:44  Probe  
  23  1:57  Probe  
  24  2:01  Unknown  
  24  2:02  Unknown  
  24  2:11  Nexus  
  24  2:18  Stalker  
  26  2:23  Probe  
  27  2:30  Stalker  
  27  2:32  Warp Gate  
  27  2:36  Probe  
  30  2:42  Pylon  
  30  2:48  Probe  
  31  2:58  Robotics Facility  
  31  3:00  Probe (Chrono Boost)  
  32  3:07  Sentry  
  32  3:11  Probe (Chrono Boost)  
  32  3:12  Stalker  
  37  3:15  Probe (Chrono Boost)  
  37  3:26  Probe (Chrono Boost)  
  39  3:27  Probe (Chrono Boost)  
  39  3:38  Probe (Chrono Boost)  
  39  3:39  Probe (Chrono Boost)  
  41  3:44  Probe (Chrono Boost)  
  41  3:45  Pylon, Probe (Chrono Boost)  
  41  3:46  Observer  
  44  3:52  Phoenix  
  44  3:53  Probe  
  44  3:54  Probe  
  46  4:00  Assimilator  
  46  4:01  Robotics Bay  
  46  4:05  Probe  
  46  4:06  Shield Battery, Probe  
  52  4:17  Probe  
  52  4:21  Warp Prism (Chrono Boost)  
  52  4:22  Sentry, Stalker  
  52  4:24  Probe  
  56  4:29  Probe  
  56  4:30  Assimilator  
  57  4:32  Pylon  
  57  4:34  Shield Battery  
  57  4:35  Observer  
  58  4:38  Probe  
  58  4:41  Probe  
  59  4:47  Stalker  
  59  4:50  Probe  
  59  4:52  Disruptor  
  65  4:53  Gravitic Drive  
  65  4:54  Probe  
  66  5:02  Probe  
  66  5:06  Probe  
  68  5:10  Twilight Council  
  68  5:14  Probe  
  68  5:16  Pylon  
  68  5:18  Probe  
  68  5:20  Forge  
  70  5:28  Nexus  
  70  5:31  Disruptor (Chrono Boost)  
  73  5:39  Pylon  
  73  5:40  Probe  
  73  5:41  Probe  
  75  5:50  Blink  
  75  5:52  Probe  
  75  5:56  Probe  
  77  5:58  Photon Cannon  
  77  6:00  Protoss Ground Weapons Level 1  
  78  6:04  Probe  
  78  6:06  Immortal x2  
  78  6:09  Stalker x2  
  81  6:12  Pylon  
  81  6:15  Pylon  
  81  6:17  Gateway  
  81  6:24  Gateway  
  81  6:25  Gateway  
  81  6:30  Gateway  
  81  6:36  Stalker x2  
  85  6:42  Photon Cannon  
  85  6:49  Probe x2  
  87  6:57  Phoenix  
  87  7:01  Probe, Stalker x2  
  87  7:04  Disruptor  
  95  7:10  Probe  
  95  7:11  Photon Cannon  
  95  7:13  Probe  
  97  7:26  Stalker x6  
  97  7:28  Pylon  
  109  7:31  Pylon  
  109  7:37  Robotics Facility  
  109  7:40  Assimilator  
  109  7:45  Assimilator  
  109  7:50  Stalker x3  
  113  7:59  Disruptor  
  113  8:00  Probe  
  111  8:10  Stalker  
  111  8:11  Stalker x2  
  111  8:12  Probe  
  118  8:16  Stalker x3  
  118  8:19  Photon Cannon  
  124  8:20  Protoss Ground Weapons Level 2 (Chrono Boost)  
  124  8:25  Photon Cannon  
  124  8:26  Probe  
  124  8:27  Probe  
  126  8:33  Pylon  
  126  8:36  Pylon  
  126  8:38  Disruptor, Observer  
  125  8:58  Disruptor, Stalker x5  
  138  9:06  Pylon  
  138  9:11  Dark Shrine  
  138  9:15  Nexus  
  138  9:20  Pylon  
  138  9:21  Pylon  
  138  9:34  Disruptor (Chrono Boost)  
  141  9:40  Stalker x5  
  141  9:45  Photon Cannon  
  149  9:48  Photon Cannon  
  149  9:50  Observer (Chrono Boost)  
  150  9:53  Photon Cannon  
  148  10:11  Stalker x5  
  158  10:23  Probe x2  
  158  10:27  Disruptor, Shadow Stride, Photon Cannon x2  
  163  10:29  Pylon  
  163  10:35  Probe  
  164  10:36  Probe  
  164  10:38  Probe  
  166  10:42  Photon Cannon  
  166  10:46  Dark Templar x2  
  166  10:47  Dark Templar, Probe  
  173  10:52  Probe  
  173  10:54  Disruptor  
  177  11:09  Observer, Protoss Ground Weapons Level 3  
  178  11:13  Robotics Facility  
  178  11:16  Photon Cannon  
  177  11:18  Dark Templar  
  177  11:19  Dark Templar x2  
  177  11:23  Probe x2  
  185  11:25  Assimilator  
  185  11:26  Assimilator  
  185  11:28  Charge  
  185  11:30  Observer  
  186  11:47  Dark Templar x3  
  186  11:52  Gateway  
  186  11:53  Gateway  
  192  11:57  Gateway x2  
  192  12:01  Stalker x2  
  196  12:10  Photon Cannon  
  196  12:13  Photon Cannon  
  178  12:45  Disruptor  
  178  12:46  Probe  
  178  12:50  Disruptor  
  158  12:54  Probe  
  147  13:02  Stalker x7  
  147  13:04  Probe  
  130  13:20  Stalker x3  
  130  13:26  Disruptor (Chrono Boost), Zealot x2  
  130  13:27  Zealot x4  
  146  13:28  Disruptor (Chrono Boost)  
  146  13:32  Zealot  
  122  13:52  Dark Templar x4  
  116  13:57  Disruptor (Chrono Boost)  
  116  14:02  Disruptor (Chrono Boost)  
  91  14:15  Photon Cannon, Stalker x3  
  92  14:18  Zealot x3  
  92  14:20  Disruptor, Photon Cannon  
  101  14:24  Zealot  
  101  14:26  Zealot x3  
  109  14:35  Disruptor  
  109  14:37  Zealot  
  109  14:38  Zealot x2  
  118  14:39  Dark Templar  
  118  14:44  Zealot  
  106  14:57  Stalker x2  
  106  14:58  Stalker x3  
  114  15:03  Probe  
  115  15:09  Dark Templar  
  117  15:16  Stalker x2  
  117  15:18  Stalker  
  117  15:20  Probe  
  124  15:26  Observer (Chrono Boost)  
  126  15:30  Observer (Chrono Boost)  
  126  15:34  Photon Cannon  
  126  15:40  Disruptor (Chrono Boost)  
  129  15:51  Stalker x2  
  132  16:00  Stalker x2  
  136  16:23  Disruptor  
  139  16:29  Nexus  
  135  16:39  Stalker x4  
  141  16:43  Pylon  
  141  17:06  Disruptor  
  144  17:09  Zealot x6  
  127  17:35  Dark Templar x2  
  131  17:37  Photon Cannon  
  131  17:40  Photon Cannon  

Tags
 
Add a new tag
Caveats
  • Supply blocks, unpowered buildings, or Contaminate may cause inaccurate times.
  • Supply counts are checked every 10 seconds.